 Dungeon Crawl Stone Soup version 0.30.1-9-gdf580d7c3d (webtiles) character file.

Game seed: 8438046283254008873

35 pop123321pop the Trooper (level 3, -2/58 HPs)
             Began as an Ogre Berserker on Sept 30, 2023.
             Was a Follower of Trog.
             Slain by a gnoll
             ... wielding a +0 club
              (5 damage)
             ... on level 2 of the Dungeon.
             The game lasted 00:00:55 (432 turns).

pop123321pop the Trooper (Ogre Berserker)            Turns: 432, Time: 00:00:55

Health: -2/58      AC:  3    Str: 21    XL:     3   Next: 33%
Magic:  3/3        EV: 10    Int:  8    God:    Trog [*.....]
Gold:   29         SH:  0    Dex: 10    Spells: 2/2 levels left

rFire   . . .        a - +0 mace
rCold   . . .        (no shield)
rNeg    . . .        b - +0 animal skin
rPois   .            (helmet restricted)
rElec   .            (no cloak)
rCorr   .            (gloves unavailable)
SInv    .            (boots unavailable)
Will    .....        (no amulet) Stlth
                     (no ring)
HPRegen 0.29/turn    (no ring)
MPRegen 0.08/turn

%: no passive effects
@: berserking, very quick
A: large, unfitting armour, tough skin 1
a: Renounce Religion, Berserk


You were on level 2 of the Dungeon.
You worshipped Trog.
Trog was aware of your devotion.
You visited 1 branch of the dungeon, and saw 2 of its levels.

You collected 29 gold pieces.

Inventory:

Hand Weapons
 a - a +0 mace (weapon)
Armour
 b - a +0 animal skin (worn)
Jewellery
 d - a ring of ice
Scrolls
 c - 2 scrolls of identify {unknown}
Potions
 e - a potion of mutation {unknown}


   Skills:
 - Level 4.0 Fighting
 * Level 3.9 Maces & Flails
 - Level 2.6 Dodging


You had 2 spell levels left.
You didn't know any spells.
Your spell library was empty.

Dungeon Overview and Level Annotations

Branches:
Dungeon (2/15)

Altars:


Innate Abilities, Weirdness & Mutations

You are too large for most types of armour.
You have tough skin. (AC +1)


Message History

Unknown command.
There are monsters nearby!
A red film seems to cover your vision as you go berserk!
You feel yourself moving faster!
You feel mighty!
An adder comes into view.
A gnoll comes into view. It is wielding a +0 club.
The gnoll closely misses you. The gnoll hits you with a +0 whip.
The adder moves out of view.
You closely miss the gnoll.
The gnoll is severely wounded.
The gnoll hits you with a +0 spear!
* * * LOW HITPOINT WARNING * * *
The gnoll hits you with a +0 whip!
* * * LOW HITPOINT WARNING * * *
You closely miss the gnoll.
The gnoll is severely wounded.
The gnoll hits you but does no damage.
You hit the gnoll.
You kill the gnoll!
Trog accepts your kill. The gnoll hits you with a +0 whip.
* * * LOW HITPOINT WARNING * * *
You sock the gnoll!
The gnoll is severely wounded.
The gnoll misses you.
You are too berserk!
Unknown command.
You are too berserk!
You closely miss the gnoll.
The gnoll is severely wounded.
The goblin closely misses you.
You barely miss the gnoll.
The gnoll is severely wounded.
The goblin hits you with a +0 club.
* * * LOW HITPOINT WARNING * * *
You sock the gnoll!
You kill the gnoll!
Trog accepts your kill. The gnoll hits you with a +0 club.
You die...

.##.......# .##.......#
.....##.#
.##.......#..........
.###......#......#.##
...'......... ......
.###.....##.###..#.# #
.................#.##..#
................)g.....#
................@gS.....
#..............###.##...
#..............# ..
......###......# ...
......###......# ..#
......#.'......+ .#
......#.#......# #
......#.#......#
......#.########


You could see a gnoll, an adder and a goblin.

Vanquished Creatures
  2 gnolls (D:2)
  A dart slug (D:1)
  A ball python (D:1)
  3 giant cockroaches
  10 jackals
  A quokka (D:1)
  A frilled lizard (D:1)
  A rat (D:1)
20 creatures vanquished.

Notes
Turn   | Place    | Note
-------+----------+-------------------------------------------
     0 | D:1      | pop123321pop the Ogre Berserker began the quest for the
                  | Orb.
     0 | D:1      | Reached XP level 1. HP: 24/24 MP: 1/1
    27 | D:1      | Reached XP level 2. HP: 22/32 MP: 2/2
   262 | D:1      | You fall into a shaft and drop 1 floor!
   301 | D:2      | Reached XP level 3. HP: 20/39 MP: 3/3
   431 | D:2      | HP: 2/58 [goblin/+0 club (1)]
   432 | D:2      | Slain by a gnoll

Illustrated notes

Levels and vault maps discovered:
D:1:      tarquinn_simple_flora_water_f, layout_rooms, roderic_serpentine_path
D:2:      wander_river, layout_basic, serial_bayou_pond_b,
          minmay_splitting_lines

Skill      XL: |  1 |
---------------+----+-----
Maces & Flails | 3 |  3.9
Fighting       | |  4.0
Dodging        | |  2.6

Action                     || total
---------------------------++-------
  Melee: Mace              ||    76
 Invoke: Berserk           ||     2
 Armour: Animal skin       ||    50
  Dodge: Dodged            ||    88
